 Dungeon Crawl Stone Soup version 0.26.0-10-g1f06aea511 (console) character file.

Game seed: 10781635947500014152

168 doot the Caller (level 5, -2/29 HPs)
             Began as a Tengu Summoner on Feb 3, 2021.
             Slain by an iguana (13 damage)
             ... on level 4 of the Dungeon.
             The game lasted 00:04:42 (3315 turns).

doot the Caller (Tengu Summoner)                    Turns: 3315, Time: 00:04:42

Health: -2/29      AC:  2    Str:  8    XL:     5   Next: 49%
Magic:  10/10      EV: 15    Int: 17    God:
Gold:   73         SH:  0    Dex: 14    Spells: 4/10 levels left

rFire    . . .     SeeInvis .   d - +0 dagger
rCold    . . .     Faith    .   (no shield)
rNeg     . . .     Spirit   .   a - +0 robe
rPois    .         Reflect  .   (helmet restricted)
rElec    .         Harm     .   (no cloak)
rCorr    .         Rampage  .   (no gloves)
Will     .....                  (boots unavailable)
Stlth    ++........             (no amulet)
HPRegen  0.09/turn              (no ring)
MPRegen  0.12/turn              (no ring)

@: flying quickly and evasively, quick
A: beak, talons 3, able to fly
a: Stop Flying


You were on level 4 of the Dungeon.
You visited 1 branch of the dungeon, and saw 4 of its levels.

You collected 73 gold pieces.

Inventory:

Hand Weapons
 d - a +0 dagger (weapon)
Armour
 a - a +0 robe (worn)
Jewellery
 b - an uncursed ring of fire {unknown}
Scrolls
 c - a scroll of immolation {unknown}
 e - 3 scrolls of teleportation {unknown}
 g - a scroll of blinking {unknown}
 j - a scroll of noise {unknown}
Potions
 f - 2 potions of haste {unknown}
 h - a potion of berserk rage {unknown}
 i - a potion of might


   Skills:
 + Level 1.0 Fighting
 + Level 1.2 Short Blades
 + Level 2.6 Dodging
 + Level 2.6 Stealth
 + Level 3.2 Spellcasting
 + Level 6.1 Summonings


You had 4 spell levels left.
You knew the following spells:

 Your Spells              Type           Power        Failure   Level
a - Summon Small Mammal   Summ           92%          1%          1
b - Call Imp              Summ           23%          1%          2
c - Call Canine Familiar  Summ           23%          4%          3

Your spell library contained the following spells:

 Spells                   Type           Power        Failure   Level
 Summon Guardian Golem    Hex/Summ       13%          14%         3
 Summon Ice Beast         Ice/Summ       13%          43%         4
 Summon Lightning Spire   Summ/Air       13%          43%         4


Dungeon Overview and Level Annotations

Branches:
Dungeon (4/15)
 Temple: D:4-7

Altars:


Innate Abilities, Weirdness & Mutations

You have a beak for a mouth.
You have claws for feet.
You can fly continuously.


Message History

The iguana is heavily wounded.
Your hound barely misses the iguana.
The iguana bites you but does no damage.
An iguana is nearby!
An iguana is nearby!
An iguana is nearby!
You hit the iguana but do no damage.
The iguana is heavily wounded.
Your hound disappears in a puff of smoke!
The iguana barely misses you.
You hit the iguana but do no damage. You claw the iguana, but do no damage.
You peck the iguana, but do no damage.
The iguana is heavily wounded.
The iguana bites you.
You are too injured to fight recklessly!
An iguana is nearby!
You are too injured to fight recklessly!
You barely miss the iguana.
The iguana is heavily wounded.
The iguana bites you!
You die...

#...# #.###....... #...#
#...>....... #...#
#####....... #...##
#...#.......h.## #....#
....#.....###.# ##..)#
...##.....###.##
#......##...#(...........
#......#....#....#####..#
#8..####....#.### #h...
#####...l...#.# #.§..
#......@..##.#######....
#.........#..##.........
##.......##.....####....
#.......#...#### #....
##.....##.### #####
##...##.§# ##.).).##
#######


You could see an iguana.

Vanquished Creatures
  3 adders
  3 leopard geckos
  4 orcs
  3 giant cockroaches
  2 goblins
  2 hobgoblins
  2 quokkas
  A ball python (D:3)
  2 bats (D:1)
  3 frilled lizards
  2 kobolds
  7 rats
34 creatures vanquished.

Vanquished Creatures (collateral kills)
  An ogre (D:4)
  An orc wizard (D:4)
  A worker ant (D:4)
  3 adders
  A leopard gecko (D:3)
  8 orcs
  6 bats
  A giant cockroach (D:4)
  3 goblins (D:1)
  3 hobgoblins
  4 kobolds
  A frilled lizard (D:1)
  A quokka skeleton (D:4)
34 creatures vanquished.

Grand Total: 68 creatures vanquished

Notes
Turn   | Place    | Note
-------+----------+-------------------------------------------
     0 | D:1      | doot the Tengu Summoner began the quest for the Orb.
     0 | D:1      | Reached XP level 1. HP: 10/10 MP: 4/4
   150 | D:1      | Reached skill level 5 in Summonings
   690 | D:1      | Reached XP level 2. HP: 15/15 MP: 4/6
   800 | D:1      | Learned a level 2 spell: Call Imp
  1774 | D:2      | Reached XP level 3. HP: 19/19 MP: 1/7
  1893 | D:3      | Learned a level 3 spell: Call Canine Familiar
  2467 | D:3      | Reached XP level 4. HP: 24/24 MP: 9/9
  2933 | D:4      | Noticed an ogre
  2966 | D:4      | Killed an ogre
  2967 | D:4      | Reached skill level 1 in Short Blades
  2967 | D:4      | Reached skill level 6 in Summonings
  2967 | D:4      | Gained mutation: You can fly continuously. [Tengu growth]
  2967 | D:4      | Reached XP level 5. HP: 11/28 MP: 10/10
  3281 | D:4      | Reached skill level 1 in Fighting
  3315 | D:4      | Slain by an iguana

Illustrated notes

Levels and vault maps discovered:
D:1:      saegor_arrival_miasma, layout_loops_corners
D:2:      layout_loops_ring, supply_closet_lemuel, chequers_decorated_corner,
          uniq_crazy_yiuf_cottage, uniq_natasha
D:3:      layout_basic, fedhas_ov_isle_minmay, gammafunk_ghost_abyssal_escape,
          minmay_distorted
D:4:      kennysheep_spiral_hall, layout_rooms

Skill      XL: |  1  2  3  4  5 |
---------------+----------------+-----
Summonings     | 5 6 |  6.1
Short Blades   | 1 |  1.2
Spellcasting   | 3 |  3.2
Fighting       | 1 |  1.0
Dodging        | |  2.6
Stealth        | |  2.6

Action                   |  1- 3 |  4- 6 || total
-------------------------+-------+-------++-------
Melee: Dagger            |    81 |    43 ||   124
       Kick              |    13 |    13 ||    26
       Peck              |     8 |     5 ||    13
 Cast: Summon Small Mamm |    40 |     1 ||    41
       Call Imp          |     4 |     4 ||     8
       Call Canine Famil |     1 |     5 ||     6
 Abil: Fly               |       |     1 ||     1
 Stab: Sleeping          |     5 |     1 ||     6
Armor: Robe              |    20 |     6 ||    26
Dodge: Dodged            |    65 |    35 ||   100
